 Dungeon Crawl Stone Soup version 0.31.0-12-g77e489cdc1 (webtiles) character file.

Game seed: 5188301933328851617

1433 RancidPinata the Covert (level 8, -1/57 HPs)
             Began as an Octopode Delver on Feb 26, 2024.
             Was a Believer of Ru.
             Slain by a steam dragon (2 damage)
             ... on level 6 of the Dungeon.
             The game lasted 00:18:49 (5380 turns).

RancidPinata the Covert (Octopode Delver)           Turns: 5380, Time: 00:18:51

Health: -1/57      AC:  1    Str: 14    XL:     8   Next: 73%
Magic:  17/17      EV: 21    Int: 12    God:    Ru [**....]
Gold:   176        SH:  0    Dex: 19    Spells: 7/7 levels left

rFire   . . .        c - +8 mace of Jusibbor {flame, Fly rPois Dex+6 Stlth-}
rCold   + . .        (no shield)
rNeg    + . .        (helmet restricted)
rPois   +            (no amulet)
rElec   .            k - +5 ring of evasion
rCorr   .            x - ring of wizardry
SInv    .            F - ring of magical power
Will    .....        I - ring of protection from cold
Stlth   +++++        g - ring of positive energy
HPRegen 0.29/turn    (no ring)
MPRegen 0.15/turn    (no ring)
                     (no ring)

%: wizardry (x1)
@: flying
A: almost no armour, amphibious, 8 rings, camouflage 1, gelatinous body 1, hated
by all, (nimble swimmer 1), tentacles
a: Renounce Religion


You were on level 6 of the Dungeon.
You worshipped Ru.
Ru was pleased with you.
You visited 2 branches of the dungeon, and saw 7 of its levels.
You also visited: Sewer.

You collected 176 gold pieces.

Inventory:

Hand Weapons
 a - a +0 short sword
 c - the +8 mace of Jusibbor (weapon) {flame, Fly rPois Dex+6 Stlth-}
   (You found it on level 5 of the Dungeon)

   Dex+6:     It affects your dexterity (+6).
   rPois:     It protects you from poison Fly: It grants you flight.
   Stlth-:    It makes you less stealthy.
Missiles
 h - 32 stones
 o - 23 poisoned darts (quivered)
 A - 2 curare-tipped darts
 D - 4 javelins
 J - 7 boomerangs
Jewellery
 g - a ring of positive energy (on tentacle)
 k - a +5 ring of evasion (left tentacle)
 x - a ring of wizardry (right tentacle)
 y - a ring of wizardry
 F - a ring of magical power (on tentacle)
 I - a ring of protection from cold (on tentacle)
Wands
 f - a wand of digging (3)
Scrolls
 b - 2 scrolls of fog
 d - 2 scrolls of fear
 i - 12 scrolls of identify {unknown}
 m - 4 scrolls of enchant armour {unknown}
 n - a scroll of brand weapon {unknown}
 t - a scroll of summoning {unknown}
 u - a scroll of teleportation {unknown}
 v - 6 scrolls of revelation
 w - a scroll of enchant weapon {unknown}
 B - 3 scrolls of silence {unknown}
Potions
 e - 5 potions of haste
 j - 3 potions of enlightenment {unknown}
 l - a potion of magic {unknown}
 p - 2 potions of heal wounds {unknown}
 q - a potion of brilliance {unknown}
 r - 2 potions of mutation {unknown}
 s - 2 potions of cancellation {unknown}
 z - 2 potions of curing {unknown}
 C - a potion of degeneration {unknown}
 E - a potion of invisibility {unknown}
 G - a potion of might {unknown}
 H - a potion of resistance {unknown}


   Skills:
 * Level 6.1 Fighting
 + Level 4.1 Short Blades
 + Level 3.0 Maces & Flails
 * Level 5.5 Dodging
 * Level 10.1 Stealth


You had 7 spell levels left.
You didn't know any spells.
Your spell library contained the following spells:

 Spells                   Type           Power      Damage    Failure   Level
 Sublimation of Blood     Necr           0%         N/A       21%         2
 Petrify                  Alch/Erth      0%         N/A       75%         4
 Irradiate                Conj/Alch      0%         3d11      97%         5


Dungeon Overview and Level Annotations

Branches:
Dungeon (6/15)             Temple (1/1) D:6           Sewer (visited)

Altars:
Ashenzari
Elyvilon
Gozag
Kikubaaqudgha
Makhleb
Nemelex Xobeh
Okawaru
Qazlal
Ru
Sif Muna
Trog
Uskayaw
Vehumet
Wu Jian
Xom
Zin
The Shining One

Annotations:
D:6 1 transporter


Innate Abilities, Weirdness & Mutations

You cannot wear most types of armour.
You are amphibious.
You can wear up to eight rings at the same time.
Your skin changes colour to match your surroundings (Stealth+).
Your rubbery body absorbs attacks. (AC +1, EV +1)
You are hated by all.
((You are camouflaged when in or above water. (Stealth+)))
You have tentacles for arms and can constrict up to eight enemies at once.


Message History

h - 32 stones (gained 4)
A scorpion comes into view.
A steam dragon comes into view.
Found 10 gold pieces.
The steam dragon hisses angrily.
The steam dragon breathes steam at you. The ball of steam misses you.
You see here a book of Displacement.
You see here a scroll labelled HAPRUDWIMUU.
Found a transporter.
You start waiting.
A scorpion is nearby!
A scorpion is nearby!
A scorpion is nearby!
You barely miss the steam dragon. Your squeeze misses the steam dragon.
The steam dragon bites you! The steam dragon misses you.
You hit the steam dragon. You burn the steam dragon.
The steam dragon is lightly wounded.
The steam dragon bites you.
You focus your inner power and illuminate the steam dragon in retribution!
The steam dragon completely misses you. The steam dragon closely misses you.
The steam dragon claws you.
You hit the steam dragon but do no damage.
You squeeze the steam dragon.
The steam dragon is moderately wounded.
The steam dragon breathes steam at you. The ball of steam hits you!!
* * * LOW HITPOINT WARNING * * *
You thump the steam dragon! You burn the steam dragon.
The steam dragon is severely wounded.
You are engulfed in a cloud of scalding steam.
* * * LOW HITPOINT WARNING * * *
The steam dragon closely misses you. The steam dragon completely misses you.
You hit the steam dragon. You burn the steam dragon.
You squeeze the steam dragon.
The steam dragon is almost dead.
You are engulfed in a cloud of scalding steam.
* * * LOW HITPOINT WARNING * * *
The steam dragon bites you.
You die...

.....##.##..#.#D#
#.#..##.###.#.#.#
........###.#.#.#
#.#..##.......§§#
#.#..#######...##
... ... #..§#
.... ..# #...# #8
#####..#
#...#####..#. #
####.s:#@....©#©
#
.......sD......#.
#
...............#8
#####.
...............##
......
#####.$.#.##.#...
.....# #...#..
....# ##.###
#...#.## .... .#
#...#.# #.. # #
#... ..


You could see a steam dragon (catching breath, corona) and a scorpion.

Vanquished Creatures
  An orc warrior (D:6)
  A black bear (D:5)
  A crocodile (Sewer)
  An ogre (D:4)
  A centaur (D:5)
  A phantom (D:5)
  3 kobold brigands (Sewer)
  A scorpion (D:4)
  2 bombardier beetles
  2 jellies
  2 hounds (D:5)
  2 orc priests
  Terence (D:3)
  2 iguanas (D:5)
  Natasha (thrice) (D:2)
  2 orc wizards (D:6)
  8 adders
  3 river rats (Sewer)
  A white imp (D:6)
  2 ufetubi (D:5)
  5 dart slugs
  A ribbon worm (Sewer)
  14 orcs
  3 bats
  4 endoplasms
  4 giant cockroaches
  10 goblins
  A hobgoblin (D:1)
  4 quokkas
  9 ball pythons
  4 frilled lizards
  10 kobolds
  7 rats
116 creatures vanquished.

Notes
Turn   | Place    | Note
-------+----------+-------------------------------------------
     0 | D:5      | RancidPinata the Octopode Delver began the quest for the
                  | Orb.
     0 | D:5      | Reached XP level 1. HP: 16/16 MP: 1/1
    39 | D:6      | Found a staircase to the Ecumenical Temple.
    48 | Temple   | Entered the Ecumenical Temple
   200 | D:6      | Noticed an orc warrior
   200 | D:6      | Noticed an orc wizard
   212 | D:6      | Noticed an orc wizard
   315 | D:5      | Noticed an iguana
   332 | D:5      | Noticed a phantom
   397 | D:5      | Found a glowing silver altar of Zin.
   397 | D:5      | Found a white marble altar of Elyvilon.
   398 | D:5      | Found a sacrificial altar of Ru.
   405 | D:5      | Became a worshipper of Ru the Awakened
   415 | D:5      | Identified the +8 mace of Jusibbor {flame, Fly rPois Dex+6
                  | Stlth-}
   422 | D:5      | Noticed an iguana
   456 | D:5      | Killed an iguana
   457 | D:5      | Reached XP level 2. HP: 20/21 MP: 2/2
   457 | D:5      | Reached XP level 3. HP: 25/26 MP: 3/3
   479 | D:5      | Reached skill level 7 in Stealth
   509 | D:5      | Found a glowing drain.
   524 | Sewer    | Entered a sewer
   532 | Sewer    | Reached XP level 4. HP: 31/31 MP: 4/4
   707 | Sewer    | Noticed a kobold brigand
   713 | Sewer    | Killed a kobold brigand
   714 | Sewer    | Reached XP level 5. HP: 37/37 MP: 5/5
   881 | Sewer    | Noticed a crocodile
   881 | Sewer    | Noticed a kobold brigand
   882 | Sewer    | Noticed a kobold brigand
   904 | Sewer    | Killed a kobold brigand
   905 | Sewer    | Reached skill level 1 in Maces & Flails
   905 | Sewer    | Reached XP level 6. HP: 43/43 MP: 6/6
   909 | Sewer    | Reached skill level 8 in Stealth
  1115 | D:5      | Reached XP level 7. HP: 20/49 MP: 7/7
  1513 | D:5      | Reached skill level 5 in Fighting
  1686 | D:5      | Reached skill level 9 in Stealth
  1968 | D:4      | Found an ornate altar of the Wu Jian Council.
  2098 | D:4      | Reached XP level 8. HP: 54/55 MP: 8/8
  2489 | D:3      | Noticed Terence
  2494 | D:3      | Killed Terence
  2495 | D:3      | Reached skill level 5 in Dodging
  3380 | D:2      | Noticed Natasha
  3426 | D:2      | Killed Natasha
  3972 | D:2      | Noticed Natasha
  3976 | D:2      | Killed Natasha
  4388 | D:2      | Noticed Natasha
  4393 | D:2      | Killed Natasha
  4517 | D:1      | Gained mutation: You are hated by all. [Ru sacrifice]
  4517 | D:1      | Reached * piety under Ru
  4517 | D:1      | Reached ** piety under Ru
  5248 | D:6      | Reached skill level 10 in Stealth
  5358 | D:6      | Found a transporter.
  5380 | D:6      | HP: 1/57 [steam dragon] (9)]
  5380 | D:6      | Slain by a steam dragon

Illustrated notes

Levels and vault maps discovered:
D:1:      minmay_arrival_four_houses, layout_rooms, serial_rivers,
          chequers_serial_rivers_room_b, chequers_serial_rivers_micro_c,
          chequers_serial_rivers_marsh, chequers_serial_rivers_small_a,
          chequers_serial_rivers_micro_e, chequers_serial_rivers_micro_b,
          amcnicky_mini_corridor_feature
D:2:      layout_loops_cross, uniq_natasha
D:3:      layout_loops_ring, uniq_terence
D:4:      layout_rooms, kennysheep_mini
D:5:      layout_basic, gammafunk_temple_overflow_claw, portal_sewer_entry_a,
          serial_library_hellmonk_big_corner, minmay_crystal_water
D:6:      gammafunk_steamed_eel, layout_loops_cross,
          minmay_temple_entry_statues_fountains
Temple:   minmay_temple_bridge_d

Skill      XL: |  1  2  3  4  5  6  7  8 |
---------------+-------------------------+-----
Stealth        | 7 8 9 10 | 10.1
Dodging        | 3 4 5 |  5.5
Fighting       | 4 5 6 |  6.1
Maces & Flails | 1 2 3 |  3.0
Short Blades   | 3 4 |  4.1

Action                     |  1- 3 |  4- 6 |  7- 9 || total
---------------------------+-------+-------+-------++-------
  Melee: Mace              |     6 |    39 |   134 ||   179
         Constrict         |     3 |     6 |    27 ||    36
         Tentacles         |     2 |     8 |    18 ||    28
  Throw: Dart              |       |     8 |     4 ||    12
 Invoke: Reject Sacrifices |       |       |     1 ||     1
         Sacrifice Love    |       |       |     1 ||     1
    Use: Scroll            |     1 |       |       ||     1
   Stab: Sleeping          |     1 |     6 |    22 ||    29
         Distracted        |       |       |     1 ||     1
 Armour: Skin              |     2 |    14 |    35 ||    51
  Dodge: Dodged            |     8 |    19 |   114 ||   141
